 Dungeon Crawl Stone Soup version 0.21.1-1-g345015f (webtiles) character file.

116561 Lovchig the Severer (level 16, -1/152 HPs)
             Began as a Deep Dwarf Fighter on Feb 5, 2018.
             Was the Champion of Makhleb.
             Killed from afar by Nikola (24 damage)
             ... with a chain lightning
             ... on level 1 of the Spider Nest on Feb 6, 2018.
             The game lasted 01:32:02 (20115 turns).

Lovchig the Severer (Deep Dwarf Fighter)           Turns: 20115, Time: 01:32:03

Health: -1/152     AC: 28    Str: 27    XL:     16   Next: 21%
Magic:  3/3        EV: 21    Int:  9    God:    Makhleb [******]
Gold:   2386       SH: 15    Dex: 22    Spells: 15/15 levels left

rFire    x . .     SeeInvis .   O - +2 broad axe (holy)
rCold    + . .     Gourm    .   c - +0 shield
rNeg     + . .     Faith    .   r - +2 plate armour {rC+}
rPois    +         Spirit   .   G - +0 helmet
rElec    .         Reflect  .   F - +0 cloak
rCorr    .         Harm     .   n - +0 pair of gloves of Luodev {+Inv rPois rF-}
MR       ++...                  m - +2 pair of boots
Stlth    ..........             N - amulet of rage
HPRegen  0.00/turn              a - +5 ring of dexterity
MPRegen  0.08/turn              x - +2 ring of protection

@: agile, lethally poisoned (-1 -> -1), very slightly contaminated,
non-regenerating
A: damage resistance, heal wounds, hooves 1, negative energy resistance 1, sense
surroundings 2, screaming 1, no regeneration
a: Heal Wounds, Minor Destruction, Lesser Servant of Makhleb, Major Destruction,
Greater Servant of Makhleb, Renounce Religion, Evoke Berserk Rage, Evoke
Invisibility


You were on level 1 of the Spider Nest.
You worshipped Makhleb.
Makhleb was exalted by your worship.
You were not hungry.

You visited 5 branches of the dungeon, and saw 25 of its levels.
You visited the Abyss 1 time.

You collected 2623 gold pieces.
You spent 237 gold pieces at shops.

Inventory:

Hand Weapons
 O - a +2 broad axe of holy wrath (weapon)
 V - a +2 hand axe of flaming
Armour
 c - a +0 shield (worn)
 k - a +1 pair of gloves
 m - a +2 pair of boots (worn)
 n - the +0 pair of gloves of Luodev (worn) {+Inv rPois rF-}
   (You bought it in a shop on level 15 of the Dungeon)

   It makes you vulnerable to fire.
   It protects you from poison.
   It lets you turn invisible.
 r - a +2 plate armour of cold resistance (worn)
 F - a +0 cloak (worn)
 G - a +0 helmet (worn)
Jewellery
 a - a +5 ring of dexterity (left hand)
 b - an uncursed ring of resist corrosion
 g - an uncursed ring of magical power
 x - a +2 ring of protection (right hand)
 N - an amulet of rage (around neck)
 S - an uncursed ring of protection from cold
Wands
 d - a wand of random effects (38)
 y - a wand of disintegration (4)
 z - a wand of paralysis (11)
 B - a wand of iceblast (13)
 D - a wand of acid (20)
 J - a wand of polymorph (49)
 M - a wand of flame (18)
 P - a wand of scattershot (3)
 U - a wand of digging (6)
Scrolls
 j - 9 scrolls of enchant armour
 l - 6 scrolls of remove curse
 p - 5 scrolls of fear
 t - 7 scrolls of magic mapping
 u - 10 scrolls of identify
 w - 6 scrolls of amnesia
 C - 3 scrolls of enchant weapon
 H - 2 scrolls of fog
 I - a scroll of holy word
 R - 5 scrolls of teleportation
Potions
 h - 2 potions of resistance
 i - 5 potions of haste
 o - 10 potions of curing
 q - 3 potions of flight
 s - 2 potions of cancellation
 A - 3 potions of lignification
 E - 2 potions of ambrosia
 K - a potion of might
 L - 5 potions of brilliance
 Q - 3 potions of heal wounds
 T - a potion of berserk rage
Comestibles
 f - 40 rations
 v - 9 chunks of flesh


   Skills:
 * Level 11.7 Fighting
   Level 3.7 Long Blades
 * Level 18.0 Axes
 * Level 12.6 Armour
 * Level 11.1 Dodging
 * Level 14.9 Shields


You had 15 spell levels left.
You didn't know any spells.

Dungeon Overview and Level Annotations

Branches:
Dungeon (15/15)            Temple (1/1) D:5            Lair (6/6) D:11
  Swamp (0/4) Lair:3       Spider (1/4) Lair:2        Slime (0/5) Lair:6
    Orc (2/2) D:10            Elf (0/3) Orc:2        Vaults (0/5) D:13
 Depths (0/5) D:15

Altars:
Ashenzari
Cheibriados
Dithmenos
Elyvilon
Fedhas
Gozag
Hepliaklqana
Kikubaaqudgha
Makhleb
Nemelex Xobeh
Okawaru
Qazlal
Ru
Sif Muna
Trog
Uskayaw
Vehumet
Wu Jian
Xom
Yredelemnul
Zin
The Shining One

Shops:
D:9 %   D:11 *   D:15 [   Orc:2 }*%[

Portals:
Hell: Lair:6

Annotations:
Spider:1 Nikola
Abyss:1 Rupert; Snorg


Innate Abilities, Weirdness & Mutations

You are resistant to damage.
You can heal yourself by infusing magical energy.
You resist negative energy. (rN+)
You passively map the area around you.
You do not regenerate.
You have large cloven feet.
You occasionally shout uncontrollably at your foes.


Message History

You feel much better.
You feel sick.
Nikola mumbles some strange words.
Nikola blinks!
The emperor scorpion stings you but does no damage.
The emperor scorpion claws you.
You block the emperor scorpion's attack.
A redback comes into view.
You shout at the redback!
You closely miss the emperor scorpion.
The emperor scorpion is heavily wounded.
Nikola gestures wildly while chanting.
You hear a mighty clap of thunder!
The lightning arc hits you!
* * * LOW HITPOINT WARNING * * *
The lightning arc hits the emperor scorpion.
The lightning arc hits you!
* * * LOW HITPOINT WARNING * * *
The lightning arc hits the emperor scorpion.
The lightning arc hits you!
You die...

....##.##%#...... , , ,>
..^.##.
.....#....#.#..#.#.. ,..
..#....
#................... ..#
#....#.
................#.. ..#.
..#....
.......#....#.....##.#..
.......
..........#.............
,.......
....#..#.....@#.........
,.#.....
...#...........#...#...#
.......
####............@†......
.......
##.....#..##s.§...#.# ,
,, ##..#................
,,,,
#.....#...^.....#....,
#...#......#.......#..,,
,*,
#######...###.........,
#....# ###..#.s.,,
###.## ......*, , ,,,
### * .##... , , ,


You could see Nikola, an emperor scorpion and a redback.

Vanquished Creatures
  An orc warlord (Orc:1)
  A stone giant (Orc:2)
  Azrael (D:13)
  An ettin (Orc:2)
  A yaktaur captain (D:15)
  A rakshasa (D:14)
  7 hydras
  A hell beast (Lair:6)
  Erica (D:8)
  2 catoblepae
  2 tengu warriors (D:13)
  11 two-headed ogres
  6 centaur warriors
  The ghost of Mgcat the Destroyer, a journeyman GrFE of Vehumet (D:10)
  5 orc high priests (Orc:2)
  Urug (D:12)
  Nergalle (D:11)
  Sonja (Lair:2)
  The ghost of tidbits the Insei, a novice GnTm of Cheibriados (Lair:1)
  A fire crab (D:14)
  3 unseen horrors
  A wizard (Lair:6)
  Pikel (D:8)
  2 orc knights
  3 deep elf magi
  2 harpies (Abyss:2)
  20 ugly things
  2 manticores
  3 orc sorcerers (Orc:2)
  2 orb spiders (Spider:1)
  2 cyclopes
  2 wolf spiders
  An elephant (Lair:6)
  6 black mambas
  14 spiny frogs
  A gargoyle (D:13)
  3 orange demons (Lair:6)
  2 kobold demonologists (D:12)
  The ghost of bmj180 the Shield-Bearer, a novice HaFi (D:4)
  4 rime drakes
  A freezing wraith (D:15)
  14 komodo dragons
  2 demonic crawlers (Spider:1)
  2 ice devils (Lair:6)
  A yaktaur (D:15)
  A tengu conjurer (D:14)
  A hellwing (Lair:6)
  A red devil (Lair:6)
  An ancient zyme (Abyss:2)
  10 trolls
  A jumping spider (Spider:1)
  3 hornets (Spider:1)
  A wind drake (Abyss:2)
  19 blink frogs
  5 slime creatures
  3 polar bears
  9 hippogriffs
  3 redbacks
  3 shadows
  A fire bat (Abyss:2)
  4 tarantellas
  5 wyverns
  2 fire elementals (D:13)
  2 wraiths (D:14)
  54 yaks
  A steam dragon (D:11)
  2 basilisks
  3 hungry ghosts
  A vampire mosquito (D:14)
  A neqoxec (D:12)
  A warg (Orc:1)
  A large abomination (Abyss:2)
  A spatial vortex (Abyss:2)
  7 hell hounds
  4 acid dragons
  10 water moccasins
  19 porcupines
  Duvessa (D:6)
  2 black bears
  2 necrophages
  24 orc warriors
  A swamp drake (D:11)
  4 sky beasts
  2 eyes of draining
  2 hornet zombies
  4 ice beasts
  15 ogres
  2 phantoms
  12 centaurs
  21 wolves
  17 crocodiles
  3 big kobolds
  17 bullfrogs
  3 wyvern zombies
  A gnoll sergeant (D:11)
  Dowan (D:6)
  2 wyvern skeletons
  A scorpion (D:14)
  12 killer bees
  24 wights
  5 howler monkeys
  A vampire bat (Abyss:2)
  6 bullfrog zombies
  8 crimson imps
  3 centaur zombies
  3 quasits
  6 jellies
  9 hounds
  Crazy Yiuf (D:6)
  23 orc priests
  3 bullfrog skeletons
  4 centaur skeletons
  3 iguanas
  11 worker ants
  Natasha (twice) (D:2)
  26 orc wizards
  A small abomination (Abyss:2)
  A hound zombie (D:6)
  A hound skeleton (D:8)
  3 worker ant zombies
  Robin (D:3)
  11 gnolls
  A howler monkey zombie (D:8)
  11 adders
  4 shadow imps
  8 oozes
  An adder zombie (D:9)
  3 adder skeletons
  14 dart slugs
  3 worms
  2 leopard geckos
  61 orcs
  8 giant cockroaches
  19 goblins
  12 hobgoblins
  25 jackals
  13 kobolds
  4 quokkas
  4 ball pythons
  7 bats
  11 frilled lizards
  A jackal skeleton (D:7)
  A leopard gecko skeleton (D:4)
  A quokka skeleton (D:7)
  A quokka zombie (D:6)
  7 rats
  8 fungi
  2 plants
859 creatures vanquished.

Vanquished Creatures (others)
  A ghost moth (Spider:1)
  A yaktaur captain (D:14)
  3 two-headed ogres (D:15)
  A centaur warrior (D:14)
  An ogre mage (D:15)
  An unseen horror (D:14)
  A wizard (D:13)
  4 ugly things
  A slime creature (D:12)
  A freezing wraith (D:14)
  A komodo dragon (D:15)
  A demonic crawler (Abyss:2)
  A wind drake (Abyss:2)
  A redback (Spider:1)
  A vampire (D:13)
  A wraith (D:11)
  A wyvern (D:11)
  A tarantella (Spider:1)
  3 yaks
  A steam dragon (D:13)
  A hungry ghost (D:8)
  2 slaves (D:8)
  An ogre (D:15)
  3 centaurs (D:12)
  A howler monkey (D:8)
  A jelly (D:11)
  An orc priest (D:8)
  An orc (D:8)
  A plant (Lair:6)
39 creatures vanquished.

Grand Total: 898 creatures vanquished

Notes
Turn   | Place    | Note
-------+----------+-------------------------------------------
     0 | D:1      | Lovchig the Deep Dwarf Fighter began the quest for the Orb.
     0 | D:1      | Reached XP level 1. HP: 20/20 MP: 1/1
   138 | D:1      | Reached XP level 2. HP: 17/27 MP: 2/2
   566 | D:1      | Reached XP level 3. HP: 16/33 MP: 3/3
   873 | D:2      | Noticed Natasha
   882 | D:2      | Killed Natasha
   882 | D:2      | Reached skill level 3 in Axes
   915 | D:2      | Reached XP level 4. HP: 34/42 MP: 4/4
   929 | D:2      | Reached skill level 1 in Dodging
  1389 | D:2      | Noticed Natasha
  1399 | D:2      | Killed Natasha
  1667 | D:3      | Noticed Robin
  1692 | D:3      | Reached XP level 5. HP: 32/49 MP: 5/5
  1697 | D:3      | Killed Robin
  1805 | D:3      | Reached skill level 4 in Axes
  2190 | D:3      | Found an ancient bone altar of Kikubaaqudgha.
  2435 | D:4      | Noticed bmj180's ghost (novice HaFi)
  2460 | D:4      | Reached XP level 6. HP: 31/56 MP: 5/5
  2476 | D:4      | Killed bmj180's ghost
  2476 | D:4      | Reached skill level 5 in Axes
  2476 | D:4      | Reached XP level 7. HP: 21/62 MP: 6/6
  2613 | D:4      | Reached skill level 5 in Shields
  2669 | D:4      | Reached skill level 5 in Armour
  2802 | D:4      | Found a snail-covered altar of Cheibriados.
  3072 | D:4      | Found a basalt altar of Yredelemnul.
  3083 | D:4      | Found a glowing golden altar of the Shining One.
  3233 | D:4      | Noticed an angel
  3236 | D:4      | Gained mutation: You are dopey. (Int -2) [potion of mutation]
  3236 | D:4      | Gained mutation: Your flesh is heat resistant. (rF+) [potion of mutation]
  3237 | D:4      | Lost mutation: Your flesh is heat resistant. (rF+) [potion of mutation]
  3237 | D:4      | Lost mutation: You are dopey. (Int -2) [potion of mutation]
  3237 | D:4      | Gained mutation: You have sharp toenails. [potion of mutation]
  3237 | D:4      | Gained mutation: You are partially covered in thin metallic scales. (AC +2) [potion of mutation]
  3237 | D:4      | Gained mutation: You are surrounded by a mild repulsion field. (EV +2) [potion of mutation]
  3258 | D:5      | Entered Level 5 of the Dungeon
  3419 | D:5      | Reached skill level 6 in Axes
  3475 | D:5      | Reached XP level 8. HP: 47/72 MP: 0/4
  3550 | D:5      | Lost mutation: You have sharp toenails. [potion of mutation]
  3550 | D:5      | Lost mutation: You are partially covered in thin metallic scales. (AC +2) [potion of mutation]
  3550 | D:5      | Lost mutation: You are surrounded by a mild repulsion field. (EV +2) [potion of mutation]
  3550 | D:5      | Gained mutation: You have a pair of small horns on your head. [potion of mutation]
  3550 | D:5      | Gained mutation: You are partially covered in slimy green scales. (AC +2) [potion of mutation]
  3550 | D:5      | Gained mutation: Your system is resistant to poisons. (rPois) [potion of mutation]
  3550 | D:5      | Gained mutation: You are partially covered in yellow scales. (AC +2) [potion of mutation]
  3593 | D:5      | Found a staircase to the Ecumenical Temple.
  3600 | Temple   | Entered the Ecumenical Temple
  3787 | Temple   | Became a worshipper of Makhleb the Destroyer
  4341 | D:6      | Reached skill level 7 in Axes
  4367 | D:6      | Reached * piety under Makhleb
  4394 | D:6      | Identified the Papyrus of Transmigration and Attacks
  4607 | D:6      | Reached skill level 8 in Axes
  4636 | D:6      | Noticed Duvessa
  4662 | D:6      | Noticed Dowan
  4662 | D:6      | Killed Duvessa
  4662 | D:6      | Gained mutation: You passively map the area around you. [Deep Dwarf growth]
  4662 | D:6      | Reached XP level 9. HP: 37/79 MP: 0/3
  4686 | D:6      | Killed Dowan
  5087 | D:6      | Found a runed door.
  5091 | D:6      | Noticed Crazy Yiuf
  5110 | D:6      | Killed Crazy Yiuf
  5406 | D:7      | Reached skill level 5 in Fighting
  5490 | D:7      | Reached skill level 9 in Axes
  5615 | D:7      | Noticed a deep elf mage
  5636 | D:7      | Killed an unseen horror
  5671 | D:7      | Killed a deep elf mage
  5757 | D:7      | Reached ** piety under Makhleb
  6208 | D:8      | Noticed Pikel
  6215 | D:8      | Reached skill level 5 in Dodging
  6215 | D:8      | Reached XP level 10. HP: 74/90 MP: 0/1
  6248 | D:8      | Killed Pikel
  6248 | D:8      | Reached skill level 10 in Axes
  6283 | D:8      | Noticed Erica
  6316 | D:8      | Killed Erica
  6343 | D:8      | Found a basalt altar of Yredelemnul.
  6387 | D:8      | Found a white marble altar of Elyvilon.
  6566 | D:8      | Noticed a two-headed ogre
  6583 | D:8      | Killed a two-headed ogre
  6583 | D:8      | Reached skill level 11 in Axes
  6597 | D:8      | Reached *** piety under Makhleb
  6763 | D:9      | Found a sacrificial altar of Ru.
  6791 | D:9      | You fall through a shaft for 3 floors!
  6811 | D:12     | Noticed a centaur warrior
  6817 | D:12     | Noticed Urug
  6820 | D:12     | Reached XP level 11. HP: 35/99 MP: 0/2
  6831 | D:12     | Noticed an eight-headed hydra
  6840 | D:12     | Noticed Snorg
  6891 | D:12     | Noticed a soul eater
  6937 | D:10     | Entered Level 10 of the Dungeon
  6975 | D:10     | Found a staircase to the Orcish Mines.
  7055 | D:10     | Reached **** piety under Makhleb
  7155 | D:10     | Reached skill level 12 in Axes
  7276 | D:9      | Found a hazy altar of Hepliaklqana.
  7418 | D:9      | Noticed a two-headed ogre
  7427 | D:9      | Killed a two-headed ogre
  7454 | D:9      | Found Xixiceac's Food Boutique.
  8223 | D:10     | Reached skill level 10 in Shields
  8553 | D:10     | Noticed Mgcat's ghost (journeyman GrFE)
  8647 | D:11     | Noticed a centaur warrior
  8658 | D:11     | Killed a centaur warrior
  8658 | D:11     | Reached ***** piety under Makhleb
  8729 | D:11     | Noticed a purple ugly thing
  8768 | D:11     | Noticed a cyan ugly thing
  8777 | D:11     | Killed a purple ugly thing
  8832 | D:11     | Found Leclixke's Assorted Antiques.
  8972 | D:11     | Noticed Nergalle
  9003 | D:11     | Reached XP level 12. HP: 102/109 MP: 0/2
  9042 | D:11     | Killed Nergalle
  9042 | D:11     | Reached skill level 13 in Axes
  9068 | D:11     | Found a blossoming altar of Fedhas.
  9387 | D:11     | Found a staircase to the Lair.
  9545 | D:12     | Cast into level 2 of the Abyss (a distortion unwield)
  9824 | Abyss:2  | Noticed a starcursed mass
  9861 | D:12     | Escaped the Abyss
  9862 | D:12     | Gained mutation: You occasionally shout uncontrollably at your foes. [a neqoxec]
  9888 | D:12     | Killed a one-headed hydra
  9892 | D:12     | Reached skill level 1 in Long Blades
  9903 | D:12     | Killed Urug
  9903 | D:12     | Reached skill level 14 in Axes
  9906 | D:12     | Killed a centaur warrior
  9924 | D:12     | Banished Snorg
 10226 | D:13     | Noticed a tengu warrior
 10227 | D:13     | Found an iron altar of Okawaru.
 10228 | D:13     | Noticed a centaur warrior
 10233 | D:13     | Noticed Azrael
 10238 | D:13     | Killed a tengu warrior
 10241 | D:13     | Reached XP level 13. HP: 118/118 MP: 0/2
 10255 | D:13     | Reached skill level 10 in Armour
 10463 | D:13     | Found a gate to the Vaults.
 10467 | D:13     | Reached ****** piety under Makhleb
 10778 | D:13     | Killed Azrael
 11229 | D:14     | Reached skill level 15 in Axes
 11431 | D:14     | Gained mutation: You resist negative energy. (rN+) [Deep Dwarf growth]
 11431 | D:14     | Reached XP level 14. HP: 117/129 MP: 2/2
 11619 | D:14     | Reached skill level 16 in Axes
 12250 | D:15     | Entered Level 15 of the Dungeon
 12301 | D:15     | Noticed Rupert
 12368 | D:15     | Reached skill level 10 in Fighting
 12493 | D:15     | Banished Rupert
 12642 | D:15     | Found Amote's Antique Armour Shoppe.
 12650 | D:15     | Bought a pair of fine gloves for 237 gold pieces
 12660 | D:15     | Identified the +0 pair of gloves of Luodev {+Inv rPois rF-} (You bought it in a shop on level 15 of the Dungeon)
 12676 | D:15     | Found a staircase to the Depths.
 13093 | Lair:1   | Entered Level 1 of the Lair of Beasts
 13128 | Lair:1   | Noticed tidbits's ghost (novice GnTm)
 13147 | Lair:1   | Killed tidbits's ghost
 13419 | Lair:1   | Reached skill level 10 in Dodging
 14127 | Lair:2   | Found a hole to the Spider Nest.
 14187 | Lair:2   | Noticed Sonja
 14190 | Lair:2   | Reached XP level 15. HP: 140/140 MP: 3/3
 14202 | Lair:2   | Killed Sonja
 14810 | Lair:3   | Lost mutation: You are partially covered in yellow scales. (AC +2) [potion of mutation]
 14810 | Lair:3   | Lost mutation: You are partially covered in slimy green scales. (AC +2) [potion of mutation]
 14810 | Lair:3   | Lost mutation: Your system is resistant to poisons. (rPois) [potion of mutation]
 14810 | Lair:3   | Lost mutation: You have a pair of small horns on your head. [potion of mutation]
 14810 | Lair:3   | Gained mutation: You have large cloven feet. [potion of mutation]
 14822 | Lair:3   | Found a staircase to the Swamp.
 14974 | Lair:3   | You fall through a shaft for 3 floors!
 14974 | Lair:6   | Entered Level 6 of the Lair of Beasts
 16054 | Lair:4   | Found a snail-covered altar of Cheibriados.
 16271 | Lair:4   | Identified a scroll of acquirement
 16628 | Lair:5   | Reached skill level 17 in Axes
 17524 | Lair:6   | Found a burning altar of Makhleb.
 17595 | Lair:6   | Found a gateway to Hell.
 17824 | Lair:6   | Found a staircase to the Slime Pits.
 18070 | Orc:1    | Entered Level 1 of the Orcish Mines
 18544 | Orc:2    | Entered Level 2 of the Orcish Mines
 18891 | Orc:2    | Found Daav's Gadget Shoppe.
 18891 | Orc:2    | Found Hetzuly's Food Emporium.
 18898 | Orc:2    | Found Nigeli's Armour Emporium.
 19007 | Orc:2    | Found Niaker's Assorted Antiques.
 19069 | Orc:2    | Found a staircase to the Elven Halls.
 19092 | Orc:2    | Reached XP level 16. HP: 95/151 MP: 4/4
 19721 | D:10     | Killed Mgcat's ghost
 19916 | Spider:1 | Entered Level 1 of the Spider Nest
 20063 | Spider:1 | Reached skill level 18 in Axes
 20096 | Spider:1 | Noticed Nikola
 20115 | Spider:1 | Killed from afar by Nikola

Skill      XL: |  1  2  3  4  5  6  7  8  9 10 11 12 13 14 15 16 |
---------------+-------------------------------------------------+-----
Fighting       | 3 4 5 6 7 8 9 10 11 | 11.7
Axes           | 3 4 5 6 8 9 11 12 14 15 16 17 18 | 18.0
Dodging        | 1 2 4 5 6 7 8 9 10 11 | 11.1
Armour         | 4 5 6 7 8 9 11 12 | 12.6
Shields        | 4 5 6 8 9 10 11 12 13 14 | 14.9
Long Blades    | 1 3 |  3.7

Action                   |  1- 3 |  4- 6 |  7- 9 | 10-12 | 13-15 | 16-18 || total
-------------------------+-------+-------+-------+-------+-------+-------++-------
Melee: War axe           |   123 |   230 |   719 |   776 |   768 |       ||  2616
       Headbutt          |       |       |   102 |   192 |   179 |       ||   473
       Scimitar          |       |       |       |     9 |    57 |       ||    66
       Broad axe         |       |       |       |       |   490 |   139 ||   629
 Abil: Heal Wounds       |     1 |     1 |    24 |    12 |     3 |     3 ||    44
Evoke: Wand              |       |       |       |       |     1 |       ||     1
  Use: Scroll            |     5 |     6 |     8 |    11 |     5 |     1 ||    36
       Potion            |       |       |     4 |     3 |     2 |     2 ||    11
 Stab: Invisible         |       |       |       |    18 |       |       ||    18
       Petrified         |       |       |       |       |     3 |       ||     3
  Eat: Chunk             |       |     6 |    20 |    13 |    30 |     3 ||    72
       Ration            |       |       |       |     1 |       |       ||     1
Armor: Scale mail        |    67 |    20 |       |       |       |       ||    87
       Plate armour      |       |   170 |   646 |   673 |   556 |    87 ||  2132
Dodge: Dodged            |    40 |    46 |   177 |   333 |   460 |    69 ||  1125
Block: Shield            |    81 |   133 |   496 |   647 |   833 |   107 ||  2297
       Rpst.: Scimitar   |       |       |       |     9 |     9 |       ||    18
